| TOP OF THE 1ST |
|
Auburn Red Stars batting - Pitching for Summit Red Dragons : RHP Robert Slezak
|
|
Pitching: RHP Robert Slezak
|
|
|
Batting: RHB Jose Rodriguez
|
0-0: Called Strike 0-1: Ball 1-1: Ball 2-1: SINGLE (Line Drive, 8RS, EV 96.3 MPH)
|
|
Batting: RHB Clemente Acuna
|
0-0: Ball 1-0: Called Strike 1-1: Swinging Strike 1-2: Ball 2-2: Fielders Choice at 2nd, 6-4 (Groundball, 6D, EV 84.4 MPH)
|
|
Batting: LHB Ricardo Perrez
|
0-0: Called Strike 0-1: Ball 1-1: Ball 2-1: Ball 3-1: Swinging Strike 3-2: Foul Ball, location: 2F 3-2: Base on Balls Clemente Acuna to second
|
|
Batting: RHB Alfredo Torres
|
0-0: Ball 1-0: Called Strike 1-1: Ball 2-1: Ball 3-1: Swinging Strike 3-2: Strikes out looking Ricardo Perrez steals 2nd base Clemente Acuna steals 3rd base Batter strikes out.
|
|
Batting: LHB John Stefero
|
0-0: Ground out 6-3 (Groundball, 56D, EV 86.9 MPH)
|
| Top of the 1st over - 0 runs, 1 hit, 0 errors, 2 left on base; Auburn 0 - Summit 0 |
| BOTTOM OF THE 1ST |
|
Summit Red Dragons batting - Pitching for Auburn Red Stars : RHP Luis Curet
|
|
Pitching: RHP Luis Curet
|
|
|
Batting: RHB Dana Williams
|
0-0: Foul Ball, location: 2F 0-1: Ball 1-1: Fly out, F3 (Line Drive, 3, EV 71.9 MPH)
|
|
Batting: LHB Lou Thornton
|
0-0: SINGLE (Line Drive, 5D, EV 105.6 MPH)
|
|
Batting: SHB Mark T McLemore
|
0-0: Fly out, F6 (Line Drive, 6, EV 66.3 MPH)
|
|
Batting: RHB Kash Beauchamp
|
0-0: Called Strike 0-1: Ball 1-1: Ball 2-1: Fielders Choice at 2nd, 5-4 (Groundball, 56, EV 103.1 MPH)
|
| Bottom of the 1st over - 0 runs, 1 hit, 0 errors, 1 left on base; Auburn 0 - Summit 0 |
| TOP OF THE 2ND |
|
Auburn Red Stars batting - Pitching for Summit Red Dragons : RHP Robert Slezak
|
|
Batting: RHB Steve McQueen
|
0-0: Called Strike 0-1: Foul Ball, location: 2F 0-2: Ball 1-2: Ball 2-2: Ground out 3-1 (Groundball, 34, EV 80.6 MPH)
|
|
Batting: LHB Luis Roman
|
0-0: Fly out, F9 (Flyball, 9D, EV 81.3 MPH)
|
|
Batting: RHB William Chamberlain
|
0-0: Ball 1-0: Ball 2-0: Ball 3-0: Called Strike 3-1: Foul Ball, location: 2F 3-2: Foul Ball, location: 2F 3-2: Strikes out swinging
|
| Top of the 2nd over - 0 runs, 0 hits, 0 errors, 0 left on base; Auburn 0 - Summit 0 |
| BOTTOM OF THE 2ND |
|
Summit Red Dragons batting - Pitching for Auburn Red Stars : RHP Luis Curet
|
|
Batting: LHB John Westmoreland
|
0-0: Ball 1-0: SINGLE (Groundball, 4D, EV 106.3 MPH)
|
|
Batting: LHB Dion Lowe
|
0-0: Called Strike 0-1: SINGLE (Groundball, 4MS, EV 75.0 MPH) (infield hit) John Westmoreland to second
|
|
Batting: RHB John Smith
|
0-0: Swinging Strike 0-1: Called Strike 0-2: Strikes out looking
|
|
Batting: RHB Colacito Sanchez
|
0-0: Called Strike 0-1: Swinging Strike 0-2: Ball 1-2: Foul Ball, location: 2F 1-2: Ball 2-2: Foul Ball, location: 2F 2-2: Foul Ball, location: 2F 2-2: Strikes out looking
|
|
Batting: RHB Kenneth Gordon
|
0-0: Foul Ball, location: 2F 0-1: Swinging Strike 0-2: Foul Ball, location: 2F 0-2: Ball 1-2: Ball 2-2: Strikes out swinging
|
| Bottom of the 2nd over - 0 runs, 2 hits, 0 errors, 2 left on base; Auburn 0 - Summit 0 |
| TOP OF THE 3RD |
|
Auburn Red Stars batting - Pitching for Summit Red Dragons : RHP Robert Slezak
|
|
Batting: RHB Antonio Quevedo
|
0-0: Foul Ball, location: 2F 0-1: Swinging Strike 0-2: Fly out, F7 (Flyball, 78S, EV 88.1 MPH)
|
|
Batting: RHB Jose Rodriguez
|
0-0: Fly out, F8 (Flyball, 8LM, EV 92.5 MPH)
|
|
Batting: RHB Clemente Acuna
|
0-0: Foul Ball, location: 2F 0-1: SINGLE (Groundball, 6MD, EV 96.3 MPH)
|
|
Batting: LHB Ricardo Perrez
|
0-0: Called Strike 0-1: Ball 1-1: Ball 2-1: Ball 3-1: Fly out, F5 (Flyball, 5D, EV 80.6 MPH)
|
| Top of the 3rd over - 0 runs, 1 hit, 0 errors, 1 left on base; Auburn 0 - Summit 0 |
| BOTTOM OF THE 3RD |
|
Summit Red Dragons batting - Pitching for Auburn Red Stars : RHP Luis Curet
|
|
Batting: RHB Dana Williams
|
0-0: Foul Ball, location: 2F 0-1: Ball 1-1: Swinging Strike 1-2: Ball 2-2: Foul Ball, location: 2F 2-2: Strikes out swinging
|
|
Batting: LHB Lou Thornton
|
0-0: Fly out, F8 (Line Drive, 8LD, EV 83.8 MPH)
|
|
Batting: SHB Mark T McLemore
|
0-0: Ball 1-0: Ball 2-0: Swinging Strike 2-1: Foul Ball, location: 2F 2-2: Strikes out looking
|
| Bottom of the 3rd over - 0 runs, 0 hits, 0 errors, 0 left on base; Auburn 0 - Summit 0 |
| TOP OF THE 4TH |
|
Auburn Red Stars batting - Pitching for Summit Red Dragons : RHP Robert Slezak
|
|
Batting: RHB Alfredo Torres
|
0-0: Called Strike 0-1: Fly out, F6 (Popup, 6M, EV 76.3 MPH)
|
|
Batting: LHB John Stefero
|
0-0: Called Strike 0-1: Ball 1-1: Ground out 4-3 (Groundball, 4S, EV 89.4 MPH)
|
|
Batting: RHB Steve McQueen
|
0-0: Foul Ball, location: 2F 0-1: Ball 1-1: Foul Ball, location: 2F 1-2: Ball 2-2: Ball 3-2: Foul Ball, location: 2F 3-2: Base on Balls
|
|
Batting: LHB Luis Roman
|
0-0: Ball 1-0: Ball 2-0: Ball 3-0: Foul Ball, location: 2F 3-1: Called Strike 3-2: Strikes out swinging
|
| Top of the 4th over - 0 runs, 0 hits, 0 errors, 1 left on base; Auburn 0 - Summit 0 |
| BOTTOM OF THE 4TH |
|
Summit Red Dragons batting - Pitching for Auburn Red Stars : RHP Luis Curet
|
|
Batting: RHB Kash Beauchamp
|
0-0: Ball 1-0: Swinging Strike 1-1: Ground out 6-3 (Groundball, 6, EV 76.9 MPH)
|
|
Batting: LHB John Westmoreland
|
0-0: Ball 1-0: Ball 2-0: Foul Ball, location: 2F 2-1: Foul Ball, location: 2F 2-2: Ball 3-2: Foul Ball, location: 2F 3-2: Base on Balls
|
|
Batting: LHB Dion Lowe
|
0-0: Ball 1-0: Called Strike 1-1: DOUBLE (Flyball, 8RD, EV 103.1 MPH) John Westmoreland to third Runner from 3rd tries for Home, SAFE, throw by CF to home
|
|
Batting: RHB John Smith
|
0-0: Called Strike 0-1: Foul Ball, location: 2F 0-2: Ball 1-2: Fly out, F7 (Flyball, 78S, EV 83.8 MPH)
|
|
Batting: RHB Colacito Sanchez
|
0-0: SINGLE (Groundball, 56D, EV 100.0 MPH) Dion Lowe to third Runner from 3rd tries for Home, SAFE, throw by LF to home
|
|
Batting: RHB Kenneth Gordon
|
0-0: Fielders Choice at 2nd, U6 (Groundball, 6M, EV 100.0 MPH)
|
| Bottom of the 4th over - 2 runs, 2 hits, 0 errors, 1 left on base; Auburn 0 - Summit 2 |
| TOP OF THE 5TH |
|
Auburn Red Stars batting - Pitching for Summit Red Dragons : RHP Robert Slezak
|
|
Batting: RHB William Chamberlain
|
0-0: Called Strike 0-1: Ball 1-1: Called Strike 1-2: Fly out, F3 (Line Drive, 3, EV 74.4 MPH)
|
|
Batting: RHB Antonio Quevedo
|
0-0: Foul Ball, location: 2F 0-1: Swinging Strike 0-2: SINGLE (Groundball, P, EV 87.5 MPH) (infield hit)
|
|
Batting: RHB Jose Rodriguez
|
0-0: Ball 1-0: Foul Ball, location: 2F 1-1: Ball 2-1: Ball 3-1: Base on Balls Antonio Quevedo to second
|
|
Batting: RHB Clemente Acuna
|
0-0: Foul Ball, location: 2F 0-1: Called Strike 0-2: Ball 1-2: Strikes out swinging
|
|
Batting: LHB Ricardo Perrez
|
0-0: Swinging Strike 0-1: Ball 1-1: Ball 2-1: SINGLE (Line Drive, 78S, EV 101.3 MPH) Antonio Quevedo to third Jose Rodriguez to second Runner from 3rd tries for Home, SAFE, throw by LF to home
|
|
Batting: RHB Alfredo Torres
|
0-0: Ball 1-0: Called Strike 1-1: Ball 2-1: Foul Ball, location: 2F 2-2: Ball 3-2: Base on Balls Jose Rodriguez to third Ricardo Perrez to second
|
|
Batting: LHB John Stefero
|
0-0: Ball 1-0: Foul Ball, location: 2F 1-1: Ball 2-1: Ball 3-1: Base on Balls Jose Rodriguez scores Ricardo Perrez to third Alfredo Torres to second
|
|
Batting: RHB Steve McQueen
|
0-0: Called Strike 0-1: Ball 1-1: Foul Ball, location: 2F 1-2: Ground out 1-3 (Groundball, 13S, EV 65.0 MPH)
|
| Top of the 5th over - 2 runs, 2 hits, 0 errors, 3 left on base; Auburn 2 - Summit 2 |
| BOTTOM OF THE 5TH |
|
Summit Red Dragons batting - Pitching for Auburn Red Stars : RHP Luis Curet
|
|
Batting: RHB Dana Williams
|
0-0: Called Strike 0-1: Swinging Strike 0-2: Foul Ball, location: 2F 0-2: Ball 1-2: Foul Ball, location: 2F 1-2: Ball 2-2: Foul Ball, location: 2F 2-2: Ball 3-2: Strikes out swinging
|
|
Batting: LHB Lou Thornton
|
0-0: Ball 1-0: Swinging Strike 1-1: Ground out 4-3 (Groundball, 34D, EV 103.1 MPH)
|
|
Batting: SHB Mark T McLemore
|
0-0: Ball 1-0: Ball 2-0: Swinging Strike 2-1: Called Strike 2-2: Ball 3-2: Foul Ball, location: 2F 3-2: Base on Balls
|
|
Batting: RHB Kash Beauchamp
|
0-0: Ball 1-0: Ball 2-0: Ball 3-0: Base on Balls Mark T McLemore to second
|
|
Batting: LHB John Westmoreland
|
0-0: Foul Ball, location: 2F 0-1: Foul Ball, location: 2F 0-2: Ball 1-2: Strikes out looking
|
| Bottom of the 5th over - 0 runs, 0 hits, 0 errors, 2 left on base; Auburn 2 - Summit 2 |
| TOP OF THE 6TH |
|
Auburn Red Stars batting - Pitching for Summit Red Dragons : RHP Robert Slezak
|
|
Batting: LHB Luis Roman
|
0-0: Called Strike 0-1: Foul Ball, location: 2F 0-2: Ball 1-2: Ball 2-2: Ground out 4-3 (Groundball, 4S, EV 78.1 MPH)
|
|
Batting: RHB William Chamberlain
|
0-0: Ball 1-0: SINGLE (Groundball, 56D, EV 105.0 MPH)
|
|
Batting: RHB Antonio Quevedo
|
0-0: Called Strike 0-1: Foul Ball, location: 2F 0-2: Ball 1-2: Strikes out swinging
|
|
Batting: RHB Jose Rodriguez
|
0-0: Called Strike 0-1: Ball 1-1: Fielders Choice at 2nd, 6-4 (Groundball, 6, EV 104.4 MPH)
|
| Top of the 6th over - 0 runs, 1 hit, 0 errors, 1 left on base; Auburn 2 - Summit 2 |
| BOTTOM OF THE 6TH |
|
Summit Red Dragons batting - Pitching for Auburn Red Stars : RHP Luis Curet
|
|
Batting: LHB Dion Lowe
|
0-0: Called Strike 0-1: Ball 1-1: Swinging Strike 1-2: Foul Ball, location: 2F 1-2: Ball 2-2: Strikes out looking
|
|
Batting: RHB John Smith
|
0-0: Ball 1-0: Foul Ball, location: 2F 1-1: Ground out 5-3 (Groundball, 56S, EV 85.6 MPH)
|
|
Batting: RHB Colacito Sanchez
|
0-0: Ball 1-0: Ball 2-0: Called Strike 2-1: Called Strike 2-2: Foul Ball, location: 2F 2-2: Ball 3-2: Base on Balls
|
|
Pitching: RHP Paul Gnacinski
|
|
|
Batting: RHB Kenneth Gordon
|
0-0: Foul Ball, location: 2F 0-1: Ball 1-1: Foul Ball, location: 2F 1-2: Foul Ball, location: 2F 1-2: Ball 2-2: Ball 3-2: Ground out 6-3 (Groundball, 6M, EV 89.4 MPH)
|
| Bottom of the 6th over - 0 runs, 0 hits, 0 errors, 1 left on base; Auburn 2 - Summit 2 |
| TOP OF THE 7TH |
|
Auburn Red Stars batting - Pitching for Summit Red Dragons : RHP Robert Slezak
|
|
Batting: RHB Clemente Acuna
|
0-0: Ground out 6-3 (Groundball, 6, EV 106.3 MPH)
|
|
Batting: LHB Ricardo Perrez
|
0-0: Called Strike 0-1: Swinging Strike 0-2: Ground out 5-3 (Groundball, 56, EV 100.6 MPH)
|
|
Batting: RHB Alfredo Torres
|
0-0: Ball 1-0: Ground out 5-3 (Groundball, 56, EV 81.9 MPH)
|
| Top of the 7th over - 0 runs, 0 hits, 0 errors, 0 left on base; Auburn 2 - Summit 2 |
| BOTTOM OF THE 7TH |
|
Summit Red Dragons batting - Pitching for Auburn Red Stars : RHP Paul Gnacinski
|
|
Batting: RHB Dana Williams
|
0-0: Ball 1-0: Ball 2-0: Foul Ball, location: 2F 2-1: Swinging Strike 2-2: Ball 3-2: Foul Ball, location: 2F 3-2: Base on Balls
|
|
Batting: LHB Lou Thornton
|
0-0: Called Strike 0-1: Ball 1-1: Ball 2-1: Swinging Strike 2-2: Fly out, F8 (Line Drive, 8LD, EV 99.4 MPH)
|
|
Batting: SHB Mark T McLemore
|
0-0: Called Strike Dana Williams is caught stealing 2nd base 2-6 0-1: Foul Ball, location: 2F 0-2: Strikes out swinging
|
| Bottom of the 7th over - 0 runs, 0 hits, 0 errors, 0 left on base; Auburn 2 - Summit 2 |
| TOP OF THE 8TH |
|
Auburn Red Stars batting - Pitching for Summit Red Dragons : RHP Robert Slezak
|
|
Batting: LHB John Stefero
|
0-0: Fly out, F5 (Popup, 56S, EV 65.6 MPH)
|
|
Batting: RHB Steve McQueen
|
0-0: Foul Ball, location: 2F 0-1: Fly out, F7 (Flyball, 7, EV 89.4 MPH)
|
|
Batting: LHB Luis Roman
|
0-0: Foul Ball, location: 2F 0-1: Foul Ball, location: 2F 0-2: Ball 1-2: Ball 2-2: Ball 3-2: Ground out 4-3 (Groundball, 4, EV 80.0 MPH)
|
| Top of the 8th over - 0 runs, 0 hits, 0 errors, 0 left on base; Auburn 2 - Summit 2 |
| BOTTOM OF THE 8TH |
|
Summit Red Dragons batting - Pitching for Auburn Red Stars : RHP Paul Gnacinski
|
|
Batting: RHB Kash Beauchamp
|
0-0: Ball 1-0: Ball 2-0: Reached on error, E6 (Popup, 6M, EV 75.0 MPH)
|
|
Batting: LHB John Westmoreland
|
0-0: Fielders Choice at 2nd, 1-6 (Groundball, P, EV 73.1 MPH)
|
|
Pinch Runner at 1st Mark Henderson:
|
|
|
Batting: LHB Dion Lowe
|
0-0: Ball Mark Henderson steals 2nd base (no throw) 1-0: Called Strike 1-1: Ball 2-1: Swinging Strike 2-2: Strikes out swinging
|
|
Batting: RHB John Smith
|
0-0: Ball 1-0: Ball 2-0: Ball 3-0: Called Strike 3-1: Base on Balls
|
|
Batting: RHB Colacito Sanchez
|
0-0: Foul Ball, location: 2F 0-1: Ball 1-1: Foul Ball, location: 2F 1-2: Ball 2-2: Foul Ball, location: 2F 2-2: Foul Ball, location: 2F 2-2: Ball 3-2: Base on Balls Mark Henderson to third John Smith to second
|
|
Batting: RHB Kenneth Gordon
|
0-0: Ball 1-0: SINGLE (Flyball, 6D, EV 90.6 MPH) Mark Henderson scores John Smith to third Colacito Sanchez to second
|
|
Batting: RHB Dana Williams
|
0-0: Called Strike 0-1: SINGLE (Line Drive, 8RS, EV 109.4 MPH) John Smith scores Colacito Sanchez to third Kenneth Gordon to second Runner from 3rd tries for Home, SAFE, throw by CF to home
|
|
Pitching: RHP Mike Martinez
|
|
|
Batting: LHB Lou Thornton
|
0-0: Ball 1-0: Fly out, F6 (Popup, 6, EV 61.9 MPH)
|
| Bottom of the 8th over - 3 runs, 2 hits, 1 error, 2 left on base; Auburn 2 - Summit 5 |
| TOP OF THE 9TH |
|
Auburn Red Stars batting - Pitching for Summit Red Dragons : RHP Robert Slezak
|
|
Now at C: Bob Hausladen
|
|
|
Now at 2B: Wilmont Reedy
|
|
|
Now at 3B: Mark Henderson
|
|
|
Batting: RHB William Chamberlain
|
0-0: Ball 1-0: Ball 2-0: Foul Ball, location: 2F 2-1: Called Strike 2-2: Ground out 6-3 (Groundball, 56, EV 83.8 MPH)
|
|
Batting: RHB Antonio Quevedo
|
0-0: Called Strike 0-1: Fly out, F9 (Flyball, 89D, EV 95.6 MPH)
|
|
Batting: RHB Jose Rodriguez
|
0-0: Swinging Strike 0-1: Ball 1-1: Swinging Strike 1-2: Strikes out swinging
|
| Top of the 9th over - 0 runs, 0 hits, 0 errors, 0 left on base; Auburn 2 - Summit 5 |
|